 Dungeon Crawl Stone Soup version 0.29.1-1-gd02db6906a (webtiles) character file.

Game seed: 15035012095430404091

43710 LabCoat the Fighter (level 14, -3/193 HPs)
             Began as a Hill Orc Fighter on Oct 11, 2022.
             Was an Elder of Trog.
             Slain by Rupert
             ... wielding a +0 vorpal great mace
              (29 damage)
             ... on level 4 of the Lair of Beasts.
             The game lasted 00:56:25 (16992 turns).

LabCoat the Fighter (Hill Orc Fighter)             Turns: 16992, Time: 00:56:25

Health: -3/193     AC: 30    Str: 27    XL:     14   Next: 25%
Magic:  14/14      EV: 10    Int:  6    God:    Trog [****..]
Gold:   428        SH: 11    Dex: 13    Spells: 13/13 levels left

rFire   . . .      SeeInvis .   a - +7 broad axe
rCold   + . .      Faith    .   c - +0 buckler
rNeg    + + +      Spirit   .   t - +9 plate armour of the Cicada {rPois rN++ Str+3 Int-2}
rPois   +          Reflect  +   K - +0 hat
rElec   .          Harm     .   e - +1 cloak
rCorr   .          Rampage  .   p - +1 pair of gloves {Dex+3}
Will    +++..                   h - +1 pair of boots {Stlth+}
Stlth   ..........              z - amulet of reflection
HPRegen 1.42/turn               D - ring of protection from cold
MPRegen 0.14/turn               u - ring of positive energy

@: berserking (expiring), strong-willed, regenerating, very quick
A: no striking features
a: Renounce Religion, Berserk, Trog's Hand, Brothers in Arms


You were on level 4 of the Lair of Beasts.
You worshipped Trog.
Trog was greatly pleased with you.
You visited 3 branches of the dungeon, and saw 16 of its levels.
You also visited: Bailey and Ice Cave.

You collected 1058 gold pieces.
You spent 630 gold pieces at shops.

Inventory:

Hand Weapons
 a - a +7 broad axe (weapon)
 b - the +7 sling of Ru's Esteem {venom, rF+ rN+ Dex+4 Stlth+}
   (You found it on level 4 of the Dungeon)

   Any ammunition fired from it poisons the flesh of those it strikes.
   Dex:       It affects your dexterity (+4).
   rF:        It protects you from fire.
   rN:        It protects you from negative energy.
   Stlth:     It makes you more stealthy.
 d - a +0 war axe
 l - a +0 battleaxe
 F - a +0 flail of holy wrath
Missiles
 j - a throwing net
 k - 2 javelins
 q - 33 poisoned darts
 G - 9 boomerangs (quivered)
Armour
 c - a +0 buckler (worn)
 e - a +1 cloak (worn)
 h - a +1 pair of boots of stealth (worn)
 p - a +1 pair of gloves of dexterity (worn)
 t - the +9 plate armour of the Cicada (worn) {rPois rN++ Str+3 Int-2}
   (You acquired it on level 9 of the Dungeon)

   Str:       It affects your strength (+3).
   Int:       It affects your intelligence (-2).
   rPois:     It protects you from poison.
   rN:        It greatly protects you from negative energy.
 K - a +0 hat (worn)
Jewellery
 u - a ring of positive energy (right hand)
 v - an amulet of guardian spirit
 z - an amulet of reflection (around neck)
 D - a ring of protection from cold (left hand)
 I - a ring of ice
Wands
 i - a wand of iceblast (9)
 E - a wand of flame (14)
 L - a wand of polymorph (3)
Scrolls
 g - a scroll of silence
 m - a scroll of brand weapon {unknown}
 o - 2 scrolls of noise {unknown}
 s - a scroll of summoning
 w - a scroll of immolation {unknown}
 x - 2 scrolls of amnesia
 y - 6 scrolls of teleportation
 C - 2 scrolls of fear
 M - a scroll of identify
Potions
 f - 2 potions of lignification
 r - 4 potions of brilliance
 A - 3 potions of curing
 B - 2 potions of magic
 H - a potion of haste
 J - 2 potions of resistance
Miscellaneous
 n - a piece from Xom's chessboard (14/15)


   Skills:
 * Level 13.1 Fighting
 + Level 12.1 Axes
 + Level 6.2 Ranged Weapons
 + Level 6.3 Throwing
 + Level 9.0 Armour
 * Level 8.4 Dodging
 + Level 8.5 Shields
 + Level 6.9 Evocations


You had 13 spell levels left.
You didn't know any spells.
Your spell library contained the following spells:

 Spells                   Type           Power      Damage    Failure   Level
 Sandblast                Erth           0%         2d4       99%         1
 Blink                    Tloc           0%         N/A       100%        2
 Passwall                 Tmut/Erth      0%         N/A       100%        2
 Poisonous Vapours        Pois/Air       0%         N/A       100%        2
 Lesser Beckoning         Tloc           0%         N/A       100%        3
 Ozocubu's Armour         Ice            0%         N/A       100%        3
 Stone Arrow              Conj/Erth      0%         3d7       100%        3
 Cause Fear               Hex            0%         N/A       100%        4
 Corpse Rot               Necr/Pois/Air  0%         N/A       100%        4
 Manifold Assault         Tloc           0%         N/A       100%        5
 Metabolic Englaciation   Hex/Ice        0%         N/A       100%        5
 Simulacrum               Ice/Necr       0%         N/A       100%        6
 Dragon Form              Tmut           0%         N/A       100%        7
 Ozocubu's Refrigeration  Ice            0%         4d7       100%        7
 Dragon's Call            Summ           0%         N/A       100%        9


Dungeon Overview and Level Annotations

Branches:
Dungeon (11/15)            Temple (1/1) D:6            Lair (4/5) D:10
  Swamp (0/4) Lair:2       Spider (0/4) Lair:2          Orc (0/2) D:10
 Bailey (visited)           IceCv (visited)
  Slime: Lair:4-5

Altars:
Ashenzari
Cheibriados
Dithmenos
Elyvilon
Fedhas
Gozag
Hepliaklqana
Kikubaaqudgha
Makhleb
Nemelex Xobeh
Okawaru
Qazlal
Ru
Sif Muna
Trog
Uskayaw
Vehumet
Wu Jian
Xom
Yredelemnul
Zin
The Shining One

Shops:
D:4 [=   D:6 [   D:8 *(*   D:10 (

Annotations:
D:11 3 runed translucent doors
Lair:4 Rupert


Message History

There is a stone staircase leading up here.
You now have 428 gold pieces (gained 26).
Rupert the Wild comes into view.
He is wielding a +0 vorpal great mace and wearing a +0 leather armour of willpower.
Found a tin of tremorstones (2/2).
Rupert shouts!
Rupert moves out of view.
A water moccasin comes into view.
The +7 sling of Ru's Esteem {venom, rF+ rN+ Dex+4 Stlth+} stops dripping with poison.
a - a +7 broad axe (weapon)
The water moccasin hisses angrily.
Aiming: Iceblast
Press: ? - help, Shift-Dir - straight line, f - Rupert
Aim: Rupert, wielding a +0 vorpal great mace and wearing a +0 leather armour of willpower The mass of ice explodes!
The iceblast engulfs Rupert!!
Rupert is lightly wounded.
You make a move on Xom's chessboard...
Rupert flickers and vanishes!
Deactivating autopickup; reactivate with Ctrl-A.
You hit something. You slice something!! Something hits you!!
Something completely misses you.
Your skin crawls.
You feel strong-willed. Something hits you!!
A red film seems to cover your vision as you go berserk!
You feel yourself moving faster!
You feel mighty! Something hits you. x2
You completely miss something. Something hits you but does no damage.
You barely miss something. You block something's attack.
You slice something!! Something hits you!!
You hear an angry hiss.
Unknown command.
You slice something!!
A water moccasin comes into view.
Something hits you!
* * * LOW HITPOINT WARNING * * *
You slice something!! Something hits you.
* * * LOW HITPOINT WARNING * * *
x2 You slice something!!
You closely miss something. Something hits you!!
* * * LOW HITPOINT WARNING * * *
x2 You slice something!!
Something hits you!!
You die...

## .## #..
####.#+##
####S......#
#.@.+......#
#{###......##
..S
##.......#
.....
#........#
...}.##
#.......+..
.....
##..<...#
.... #......#
.... #......#
####.#P#


You could see 2 water moccasins.

Vanquished Creatures
  Gastronok (Lair:2)
  Kirke (Lair:3)
  An orc warlord (Bailey)
  4 hydras
  A two-headed ogre (D:9)
  A centaur warrior (D:10)
  An orc knight (Bailey)
  2 ugly things (IceCv)
  An oklob plant (Lair:1)
  6 elephants (Lair:2)
  2 black mambas
  2 ice statues (IceCv)
  4 cane toads
  2 unseen horrors
  2 rime drakes (D:11)
  4 komodo dragons
  A queen bee (D:10)
  2 hornets
  4 blink frogs (Lair:2)
  4 jumping spiders (Lair:2)
  A wraith (D:11)
  A wyvern (D:9)
  A shadow (D:8)
  15 yaks
  2 hogs (Lair:3)
  8 humans
  A basilisk (Lair:1)
  2 steam dragons (D:9)
  A harpy simulacrum (IceCv)
  An acid dragon (D:9)
  8 water moccasins
  13 orc warriors
  A sky beast (D:7)
  A black bear (Lair:3)
  2 ice beasts
  An ogre (D:7)
  3 wolves (Lair:2)
  3 centaurs
  A phantom (D:7)
  2 kobold brigands (D:7)
  8 bullfrogs
  A necrophage (D:8)
  2 scorpions
  A cane toad simulacrum (IceCv)
  An elephant simulacrum (IceCv)
  18 killer bees
  4 electric eels
  A howler monkey (D:9)
  4 hounds
  A gnoll bouda (D:7)
  8 orc priests
  4 iguanas
  11 orc wizards
  2 wolf simulacra (IceCv)
  3 adders
  12 gnolls
  A white imp (D:6)
  2 worms
  A dart slug (D:1)
  42 orcs
  10 endoplasms
  5 giant cockroaches
  15 goblins
  19 hobgoblins
  7 jackals (D:1)
  5 quokkas
  7 ball pythons
  7 bats
  4 frilled lizards
  15 kobolds
  7 rats
  A spectral orc (D:9)
343 creatures vanquished.

Vanquished Creatures (others)
  8 fungi
  44 plants
52 creatures vanquished.

Grand Total: 395 creatures vanquished

Notes
Turn   | Place    | Note
-------+----------+-------------------------------------------
     0 | D:1      | LabCoat the Hill Orc Fighter began the quest for the Orb.
     0 | D:1      | Reached XP level 1. HP: 19/19 MP: 1/1
   183 | D:1      | Reached XP level 2. HP: 27/27 MP: 2/2
   202 | D:1      | Found a faded altar of an unknown god.
   760 | D:1      | Reached XP level 3. HP: 33/33 MP: 3/3
   763 | D:1      | Reached skill level 4 in Fighting
  1610 | D:2      | Reached XP level 4. HP: 40/40 MP: 4/4
  1801 | D:2      | Reached skill level 1 in Throwing
  1801 | D:2      | Reached skill level 1 in Evocations
  2546 | D:3      | Reached XP level 5. HP: 37/47 MP: 5/5
  2638 | D:3      | Found a hide-covered altar of Uskayaw.
  3393 | D:4      | Found a glowing golden altar of the Shining One.
  3397 | D:4      | Identified the +7 sling of Ru's Esteem {venom, rF+ rN+
                  | Dex+4 Stlth+}
  3532 | D:4      | Reached skill level 1 in Dodging
  3540 | D:4      | Found Qutuox's Antique Armour Boutique.
  3543 | D:4      | Bought a pair of embroidered gloves for 240 gold pieces
  3976 | D:4      | Found Xugaghia's Jewellery Emporium.
  3979 | D:4      | Found a hazy altar of Hepliaklqana.
  4067 | D:4      | Reached XP level 6. HP: 32/55 MP: 6/6
  4397 | D:5      | Entered Level 5 of the Dungeon
  4531 | D:5      | Reached skill level 5 in Fighting
  4701 | D:5      | Reached skill level 5 in Axes
  4701 | D:5      | Reached skill level 1 in Ranged Weapons
  5020 | D:5      | Reached XP level 7. HP: 37/61 MP: 4/7
  5510 | D:6      | Found a staircase to the Ecumenical Temple.
  5518 | Temple   | Entered the Ecumenical Temple
  5548 | Temple   | Became a worshipper of Trog the Wrathful
  5767 | D:6      | Found a radiant altar of Vehumet.
  5789 | D:6      | Found Sayharch's Antique Armour Boutique.
  5809 | D:6      | Identified the +1 scale mail of Edoinowk {Int+3}
  6733 | D:7      | Reached XP level 8. HP: 70/70 MP: 8/8
  6748 | D:7      | Reached skill level 6 in Fighting
  7174 | D:7      | Found a blossoming altar of Fedhas.
  7216 | D:7      | Reached * piety under Trog
  7312 | D:7      | Reached skill level 5 in Shields
  7460 | D:7      | Reached skill level 5 in Armour
  7514 | D:7      | Found a white marble altar of Elyvilon.
  7529 | D:7      | Reached skill level 7 in Fighting
  7529 | D:7      | Reached XP level 9. HP: 67/79 MP: 6/9
  8017 | D:7      | Noticed a hornet
  8023 | D:7      | Killed a hornet
  8318 | D:8      | Found Ituipsu's Antique Weapon Emporium.
  8629 | D:8      | Found Ykaimuus's General Store.
  8632 | D:8      | Found Vipro's Specific Store.
  8834 | D:9      | Found a flagged portal.
  8843 | Bailey   | Entered a bailey
  8940 | Bailey   | Noticed an orc knight
  8959 | Bailey   | Killed an orc knight
  8960 | Bailey   | Reached skill level 8 in Fighting
  9042 | Bailey   | Reached XP level 10. HP: 42/88 MP: 3/10
  9248 | Bailey   | Reached ** piety under Trog
  9272 | Bailey   | Noticed an orc warlord
  9294 | Bailey   | Killed an orc warlord
  9307 | Bailey   | Reached skill level 9 in Fighting
 10115 | D:9      | Found an ornate altar of the Wu Jian Council.
 10115 | D:9      | Found a snail-covered altar of Cheibriados.
 10148 | D:9      | Found a burning altar of Makhleb.
 10164 | D:9      | Noticed a two-headed ogre
 10174 | D:9      | Killed a two-headed ogre
 10190 | D:9      | Reached skill level 5 in Dodging
 10190 | D:9      | Reached XP level 11. HP: 26/97 MP: 1/11
 10589 | D:9      | Found a sparkling altar of Nemelex Xobeh.
 10781 | D:9      | Found a basalt altar of Yredelemnul.
 10843 | D:9      | Reached skill level 5 in Evocations
 11443 | D:9      | Acquired the +9 plate armour of the Cicada {rPois rN++
                  | Str+3 Int-2}
 11663 | D:4      | Bought an amulet of reflection for 390 gold pieces
 11865 | D:10     | Entered Level 10 of the Dungeon
 11908 | D:10     | Reached *** piety under Trog
 11994 | D:10     | Found a staircase to the Lair.
 12050 | D:10     | Noticed a centaur warrior
 12060 | D:10     | Killed a centaur warrior
 12061 | D:10     | Reached skill level 10 in Fighting
 12359 | D:10     | Found Tul Cae's Antique Weapon Shop.
 12415 | D:10     | Found a staircase to the Orcish Mines.
 12581 | D:10     | Found an iron altar of Okawaru.
 12699 | D:11     | Found a runed translucent gate.
 12699 | D:11     | Found a runed translucent gate.
 12700 | D:11     | Found a runed translucent gate.
 12763 | D:11     | Reached skill level 5 in Throwing
 12763 | D:11     | Found a frozen archway.
 12772 | IceCv    | Entered an ice cave
 12772 | IceCv    | Noticed a white ugly thing
 12788 | IceCv    | Killed a white ugly thing
 12791 | IceCv    | Found a transporter.
 13122 | IceCv    | Noticed a white ugly thing
 13128 | IceCv    | Found a transporter.
 13146 | IceCv    | Killed a white ugly thing
 13177 | IceCv    | Reached skill level 5 in Ranged Weapons
 13545 | Lair:1   | Entered Level 1 of the Lair of Beasts
 13642 | Lair:1   | Reached skill level 10 in Axes
 13681 | Lair:1   | Reached XP level 12. HP: 92/108 MP: 12/12
 13752 | Lair:1   | Found a shimmering blue altar of Sif Muna.
 13820 | Lair:1   | Reached skill level 11 in Fighting
 14542 | Lair:2   | Noticed a seven-headed hydra
 14548 | Lair:2   | Killed a seven-headed hydra
 14588 | Lair:2   | Found a staircase to the Swamp.
 14596 | Lair:2   | Found a shimmering altar of Xom.
 14639 | Lair:2   | Found a hole to the Spider Nest.
 14815 | Lair:2   | Noticed a five-headed hydra
 14829 | Lair:2   | Killed a five-headed hydra
 15077 | Lair:2   | Reached **** piety under Trog
 15152 | Lair:2   | Reached skill level 12 in Fighting
 15154 | Lair:2   | Noticed Gastronok
 15170 | Lair:2   | Killed Gastronok
 15171 | Lair:2   | Reached XP level 13. HP: 74/118 MP: 13/13
 15846 | Lair:3   | Noticed Kirke
 15977 | Lair:3   | Killed Kirke
 16206 | Lair:3   | Reached skill level 13 in Fighting
 16206 | Lair:3   | Reached XP level 14. HP: 129/129 MP: 14/14
 16975 | Lair:4   | Noticed Rupert
 16992 | Lair:4   | Slain by Rupert

Illustrated notes

Levels and vault maps discovered:
D:1:      elethiomel_arrival_infinity_welcomes_careful_drivers,
          layout_loops_ring, ebering_ecumenical_altar_box
D:2:      layout_rooms, hangedman_abyss_or_decor_stabs
D:3:      kb_forest_paths, layout_basic, mainiacjoe_overflow_brackets
D:4:      wad_lake_hut, layout_loops_cross, mainiacjoe_overflow_cross_hatched,
          tso_metal_star, serial_shops, shop, kennysheep_mini_moat,
          chequers_avenue, minmay_a_box_with_orc_wizards_in_it,
          uniq_crazy_yiuf_cottage
D:5:      layout_cave_pods, serial_rivers, chequers_serial_rivers_room_a,
          chequers_serial_rivers_small_a, chequers_serial_rivers_small_3,
          chequers_serial_rivers_small_a, chequers_serial_rivers_micro_a
D:6:      layout_basic, mainiacjoe_overflow_chevrons, minmay_temple_entry_tees,
          serial_shops, shop, nicolae_sextant, hangedman_decor_slide_cut,
          grunt_ministairs_15
D:7:      layout_basic, nicolae_elyvilon_temple_path,
          fedhas_bush_and_centaur_altar
D:8:      layout_cave_pools, serial_shops, shop, nicolae_specific_store,
          hangedman_abyss_or_decor_clamps
D:9:      layout_irregular_city, nemelex_diamond_rough_becter,
          yredelemnul_forgotten_temple_becter,
          mainiacjoe_overflow_six_doors_small, gammafunk_temple_overflow_statue,
          enter_bailey_2, minmay_ruffians
D:10:     layout_cave_pools, okawaru_trees_2, lair_entry_dummy, orc_0_dummy,
          serial_shops, nicolae_shop_trees, nicolae_looking_at_the_future
D:11:     layout_small_grid, portal_ice_cave_rime, gammafunk_ghost_necromancy,
          uniq_josephine
Temple:   dpeg_chambers_temple
Lair:1:   layout_regular_city, basic_altar, serial_bayou_crossing
Lair:2:   layout_roguey, swamp_mist, spider_nest_entry_a, basic_altar,
          nicolae_lair_grazing_beasts [nicolae_sub_lair_graze_edge,
          nicolae_sub_lair_graze_edge, nicolae_sub_lair_graze_edge,
          nicolae_sub_lair_graze_edge], serial_bayou_shore_a, uniq_gastronok
Lair:3:   layout_chaotic_city, nicolae_quartered_pool_super,
          serial_bayou_shore_b, grunt_megastairs_1, infiniplex_staircase_pool_2,
          uniq_kirke
Lair:4:   layout_roguey, slime_entry_1, uniq_rupert

Skill      XL: |  1  2  3  4  5  6  7  8  9 10 11 12 13 14 |
---------------+-------------------------------------------+-----
Axes           | 3 4 5 7 8 9 10 12 | 12.1
Fighting       | 4 5 7 8 9 10 12 13 | 13.1
Throwing       | 1 2 3 4 5 6 |  6.3
Evocations     | 1 2 3 4 5 6 |  6.9
Dodging        | 1 2 3 5 6 7 8 |  8.4
Shields        | 4 5 6 7 8 |  8.5
Armour         | 4 5 6 7 8 9 |  9.0
Ranged Weapons | 1 2 3 4 5 6 |  6.2

Action                   |  1- 3 |  4- 6 |  7- 9 | 10-12 | 13-15 || total
-------------------------+-------+-------+-------+-------+-------++-------
Melee: War axe           |   128 |   115 |   184 |    35 |       ||   462
       Broad axe         |       |       |       |   340 |    60 ||   400
       Flail             |       |       |       |    19 |    18 ||    37
       Unarmed           |       |       |       |       |     9 ||     9
 Fire: Sling             |       |    25 |    66 |    74 |    26 ||   191
Throw: Javelin           |       |     2 |       |     2 |       ||     4
       Dart              |       |       |     3 |       |       ||     3
       Boomerang         |       |       |       |    17 |     3 ||    20
       Throwing net      |       |       |       |     1 |       ||     1
Invok: Berserk           |       |       |     2 |     7 |     3 ||    12
       Trog's Hand       |       |       |       |     8 |     3 ||    11
Evoke: Wand              |       |       |       |     8 |     3 ||    11
       Piece from Xom's  |       |       |       |     2 |     2 ||     4
  Use: Scroll            |     1 |    11 |     6 |    13 |     1 ||    32
       Potion            |       |     3 |     5 |     8 |     1 ||    17
 Stab: Invisible         |       |       |     4 |       |       ||     4
Armor: Scale mail        |    62 |    54 |       |       |       ||   116
       Chain mail        |       |     4 |   122 |    60 |       ||   186
       Plate armour      |       |       |       |   235 |    60 ||   295
Dodge: Dodged            |    63 |    43 |    85 |   197 |    41 ||   429
Block: Buckler           |    29 |    21 |    57 |   209 |    48 ||   364
       Reflection        |       |       |       |     5 |       ||     5
       Other             |       |       |       |       |     2 ||     2
